 Dungeon Crawl Stone Soup version 0.30-a0-341-g682706514a (webtiles) character file.

Game seed: 16748604284299759735

1150 Elric the Poker (level 8, -3/56 HPs)
             Began as a Merfolk Fighter on Nov 2, 2022.
             Was a Priest of Hepliaklqana.
             Slain by Prince Ribbit (15 damage)
             ... on level 5 of the Dungeon.
             The game lasted 00:07:31 (3802 turns).

Elric the Poker (Merfolk Fighter)                   Turns: 3802, Time: 00:07:31

Health: -3/56      AC:  7    Str: 18      XL:     8   Next: 38%
Magic:  8/8        EV:  9    Int:  7      God:    Hepliaklqana [***...]
Gold:   296        SH:  5    Dex: 12 (14) Spells: 7/7 levels left

rFire   . . .      SeeInvis .    a - +0 trident
rCold   . . .      Faith    .    c - +0 buckler
rNeg    . . .      Spirit   .    b - +0 scale mail
rPois   .          Reflect  .    (no helmet)
rElec   .          Harm     .    (no cloak)
rCorr   .          Rampage  .    (no gloves)
Will    .....                    (no boots)
Stlth   ..........               (no amulet)
HPRegen 0.29/turn                (no ring)
MPRegen 0.11/turn                (no ring)

@: no status effects
A: reduced essence, (nimble swimmer 2), mertail
a: Renounce Religion, Recall Ancestor, Ancestor Identity, Transference


You were on level 5 of the Dungeon.
You worshipped Hepliaklqana.
Hepliaklqana was most pleased with you.
You visited 1 branch of the dungeon, and saw 5 of its levels.
You also visited: Ossuary.

You collected 296 gold pieces.

Inventory:

Hand Weapons
 a - a +0 trident (weapon)
 u - a +1 vorpal scythe
Missiles
 F - 3 throwing nets (quivered)
Armour
 b - a +0 scale mail (worn)
 c - a +0 buckler (worn)
Jewellery
 k - a ring of ice
Wands
 A - a wand of iceblast (5)
 H - a wand of polymorph (9)
Scrolls
 g - 4 scrolls of poison {unknown}
 h - a scroll of acquirement {unknown}
 i - 2 scrolls of amnesia {unknown}
 m - a scroll of magic mapping {unknown}
 o - 2 scrolls of silence {unknown}
 p - 2 scrolls of enchant armour {unknown}
 q - 5 scrolls of teleportation {unknown}
 r - 3 scrolls of identify {unknown}
 s - 3 scrolls of immolation {unknown}
 t - 2 scrolls of fear {unknown}
 w - 2 scrolls of noise {unknown}
 y - 2 scrolls of torment {unknown}
 C - a scroll of fog {unknown}
 D - 2 scrolls of enchant weapon {unknown}
 G - 2 scrolls of blinking {unknown}
Potions
 d - a potion of cancellation {unknown}
 e - a potion of attraction {unknown}
 f - 2 potions of heal wounds
 j - a potion of haste
 l - 4 potions of degeneration {unknown}
 n - 3 potions of curing {unknown}
 v - 3 potions of mutation {unknown}
 x - 3 potions of flight {unknown}
 z - a potion of might
 B - 3 potions of brilliance {unknown}
 E - 2 potions of ambrosia {unknown}


   Skills:
 + Level 5.6 Fighting
 - Level 3.0(4.2) Axes
 * Level 7.2(7.9) Polearms
 + Level 3.8 Armour
 + Level 5.0 Shields


You had 7 spell levels left.
You didn't know any spells.
Your spell library contained the following spells:

 Spells                   Type           Power      Damage    Failure   Level
 Blink                    Tloc           0%         N/A       95%         2
 Momentum Strike          Conj/Tloc      0%         3d8       95%         2
 Ignite Poison            Fire/Tmut/Pois 0%         N/A       99%         3
 Kindle Blastsparks       Fire/Tloc/Air  0%         2d10      99%         3
 Lesser Beckoning         Tloc           0%         N/A       99%         3
 Freezing Cloud           Conj/Ice/Air   0%         6-21      100%        5


Dungeon Overview and Level Annotations

Branches:
Dungeon (5/15)             Temple (0/1) D:5         Ossuary (visited)

Altars:
Dithmenos
Gozag
Hepliaklqana
Makhleb
Nemelex Xobeh
Qazlal
Zin

Annotations:
D:4 3 runed translucent doors, Engwar's ghost, amateur TrFi
D:5 Prince Ribbit


Innate Abilities, Weirdness & Mutations

Your life essence is reduced to manifest your ancestor. (-10% HP)
((You are very nimble when in or above water. (Stealth+, EV+, Speed+++)))
Your lower body shifts to a powerful aquatic tail in water.


Message History

Prince Ribbit blinks!
Reach: a) +0 trident
Press: ? - help, Dir - move target, f - you
Okay, then.
Things that are here:
a +0 dagger; a +0 robe Prince Ribbit catches a millipede with his tongue.
You start resting.
Prince Ribbit is nearby!
Prince Ribbit hits you!
You barely miss Prince Ribbit.
Prince Ribbit is severely wounded.
Prince Ribbit hops awkwardly around.
Prince Ribbit hits you.
You miss Prince Ribbit.
Prince Ribbit is severely wounded.
You block Prince Ribbit's attack. Prince Ribbit hits you.
You closely miss Prince Ribbit.
Prince Ribbit is severely wounded.
You block Prince Ribbit's attack.
You puncture Prince Ribbit!
Prince Ribbit is almost dead.
You block Prince Ribbit's attack.
You barely miss Prince Ribbit.
Prince Ribbit is almost dead.
Prince Ribbit hits you!
* * * LOW HITPOINT WARNING * * *
Prince Ribbit completely misses you.
You feel much better.
Prince Ribbit blinks!
Prince Ribbit hops awkwardly around.
Prince Ribbit blinks!
You block Prince Ribbit's attack.
You miss Prince Ribbit.
Prince Ribbit is almost dead.
Prince Ribbit blinks!
Prince Ribbit hits you!
* * * LOW HITPOINT WARNING * * *
You barely miss Prince Ribbit.
Prince Ribbit is almost dead.
Horus emerges from the mists of memory!
Prince Ribbit hits you!
You die...

.....##.##. ..#
........... #.#
...####...# #.# ...#
#..#.###.#
...###.##.)##.##########
........))).††..........
..)###.####....#........
...# #.# #....#.R.....>
.#####.# #....#@######.
.......# #....#F#
.>..F.## ######.#
......## ##..# .......##
#..## ....##..######.##
.# ..####....F....# ..#
.#####..######## ##..##
.# #......## ###.....#


You could see the friendly Horus the battlemage and Prince Ribbit (ally target).

Vanquished Creatures
  Sigmund (D:3)
  A scorpion (D:4)
  A water moccasin zombie (Ossuary)
  A centaur zombie (Ossuary)
  Jessica (D:2)
  Ijyb (D:4)
  An orc wizard (D:5)
  A mummy (Ossuary)
  2 adders
  5 gnolls
  2 shadow imps (D:4)
  A white imp (D:4)
  An ufetubus (D:5)
  2 worms (D:2)
  4 orcs (D:5)
  7 ball pythons
  5 endoplasms
  3 giant cockroaches
  A gnoll zombie (Ossuary)
  3 goblins (D:2)
  3 hobgoblins
  5 quokkas
  4 bats
  A frilled lizard (D:2)
  3 goblin zombies (Ossuary)
  A hobgoblin zombie (Ossuary)
  5 kobolds
  2 orc zombies (Ossuary)
  4 rats
72 creatures vanquished.

Vanquished Creatures (collateral kills)
  A black bear (D:5)
  A water moccasin zombie (Ossuary)
  2 bullfrog zombies (Ossuary)
  3 centaur zombies (Ossuary)
  2 hounds (D:4)
  2 quasits (D:4)
  2 orc wizards
  3 gnolls (D:5)
  An adder (D:4)
  3 shadow imps (D:4)
  A white imp (D:4)
  2 adder zombies (Ossuary)
  A dart slug (D:5)
  8 orcs
  A ball python (D:3)
  2 gnoll zombies (Ossuary)
  A goblin (D:3)
  2 hobgoblins (D:3)
  3 jackals (D:5)
  3 goblin zombies (Ossuary)
  2 hobgoblin zombies (Ossuary)
  An orc zombie (Ossuary)
47 creatures vanquished.

Vanquished Creatures (others)
  A battlemage (D:5)
  8 demonic plants (D:4)
9 creatures vanquished.

Grand Total: 128 creatures vanquished

Notes
Turn   | Place    | Note
-------+----------+-------------------------------------------
     0 | D:1      | Elric the Merfolk Fighter began the quest for the Orb.
     0 | D:1      | Reached XP level 1. HP: 18/18 MP: 1/1
   149 | D:1      | Reached XP level 2. HP: 24/24 MP: 2/2
   530 | D:2      | Found a hazy altar of Hepliaklqana.
   532 | D:2      | Reached skill level 3 in Polearms
   547 | D:2      | Became a worshipper of Hepliaklqana the Forgotten
   697 | D:2      | Reached skill level 1 in Axes
   697 | D:2      | Reached XP level 3. HP: 29/29 MP: 3/3
   819 | D:2      | Noticed Jessica
  1069 | D:2      | Reached XP level 4. HP: 34/37 MP: 4/4
  1087 | D:2      | Killed Jessica
  1264 | D:3      | Reached XP level 5. HP: 36/42 MP: 5/5
  1359 | D:3      | Reached * piety under Hepliaklqana
  1568 | D:3      | Noticed Sigmund
  1578 | D:3      | Killed Sigmund
  1579 | D:3      | Reached skill level 4 in Polearms
  1579 | D:3      | Reached XP level 6. HP: 44/44 MP: 6/6
  1891 | D:3      | Reached ** piety under Hepliaklqana
  1893 | D:3      | Remembered your ancestor Horus as a battlemage
  2062 | D:3      | Found a faded altar of an unknown god.
  2169 | D:4      | Found a stormy altar of Qazlal.
  2169 | D:4      | Found a shadowy altar of Dithmenos.
  2169 | D:4      | Found a burning altar of Makhleb.
  2170 | D:4      | Found a sparkling altar of Nemelex Xobeh.
  2283 | D:4      | Found a sand-covered staircase.
  2296 | Ossuary  | Entered an ossuary
  2366 | Ossuary  | Reached XP level 7. HP: 47/49 MP: 7/7
  2383 | Ossuary  | Reached skill level 5 in Polearms
  2432 | Ossuary  | Reached skill level 5 in Fighting
  2459 | Ossuary  | Noticed a silent spectre
  2536 | D:4      | Found a runed translucent gate.
  2537 | D:4      | Found a runed translucent gate.
  2538 | D:4      | Found a runed translucent gate.
  2545 | D:4      | Noticed Engwar's ghost (amateur TrFi)
  2545 | D:4      | Noticed Ijyb
  2567 | D:4      | Killed Ijyb
  2759 | D:4      | Reached skill level 6 in Polearms
  2888 | D:4      | Found an opulent altar of Gozag.
  2888 | D:4      | Found a glowing silver altar of Zin.
  2922 | D:4      | Reached XP level 8. HP: 55/55 MP: 8/8
  3440 | D:5      | Entered Level 5 of the Dungeon
  3440 | D:5      | Reached *** piety under Hepliaklqana
  3470 | D:5      | Reached skill level 5 in Shields
  3485 | D:5      | Found a staircase to the Ecumenical Temple.
  3498 | D:5      | Reached skill level 7 in Polearms
  3733 | D:5      | Noticed Prince Ribbit
  3802 | D:5      | Slain by Prince Ribbit

Illustrated notes

Levels and vault maps discovered:
D:1:      saegor_arrival_under_anarchy, layout_basic
D:2:      layout_rooms, basic_altar, minmay_tetromino_s2, uniq_jessica
D:3:      layout_loops_corners, hellmonk_ecumenical_altar_prayer_group,
          uniq_sigmund
D:4:      layout_loops_corners, grunt_temple_overflow_gold_and_silver,
          grunt_temple_overflow_open, gammafunk_ghost_split, enter_ossuary_3,
          serial_demonic, serial_demonic_b, serial_demonic_c, serial_demonic_b,
          serial_demonic_g, serial_demonic_c, serial_demonic_c,
          serial_demonic_b, serial_demonic_f, st_stairs_5, uniq_ijyb
D:5:      layout_rooms, minmay_temple_entry_glass, uniq_prince_ribbit1

Skill      XL: |  1  2  3  4  5  6  7  8 |
---------------+-------------------------+-----
Polearms       | 3 4 6 7 |  7.2
Axes           | 1 2 3 |  3.0
Fighting       | 4 5 |  5.6
Armour         | 3 |  3.8
Shields        | 4 5 |  5.0

Action                   |  1- 3 |  4- 6 |  7- 9 || total
-------------------------+-------+-------+-------++-------
Melee: Trident           |    98 |    87 |   133 ||   318
Invok: Ancestor Life: Ba |       |     1 |       ||     1
       Ancestor Identity |       |     1 |       ||     1
  Use: Potion            |       |     2 |     1 ||     3
 Stab: Distracted        |       |       |     2 ||     2
Armor: Scale mail        |    41 |    17 |    39 ||    97
Dodge: Dodged            |    35 |    15 |    32 ||    82
Block: Buckler           |    16 |    13 |    23 ||    52

Table legend: (Time is in decaauts)
 A = Elapsed time spent in this place.
 B = Non-inter-level travel time spent in this place.
 C = Inter-level travel time spent in this place.
 D = Time resting spent in this place.
 E = Time spent auto-exploring this place.
 F = Levels seen in this place.
 G = Mean time per level.
                   A        B        C        D        E       F      G
               +--------+--------+--------+--------+--------+-----+--------+
         Total |   3834 |   3660 |    174 |     37 |   2750 |   6 |  639.0 |
       Dungeon |   3631 |   3457 |    174 |     37 |   2644 |   5 |  726.2 |
       Ossuary |    202 |    202 |      0 |      0 |    106 |   1 |  202.0 |
               +--------+--------+--------+--------+--------+-----+--------+

Top non-repeatable levels by time:
     D:4: 1070 daAuts
     D:3: 951 daAuts
     D:1: 670 daAuts
     D:2: 578 daAuts
     D:5: 359 daAuts
 Ossuary: 202 daAuts
